cohdb
Replays
Latest Replays
All Replays
Popular Replays
Top Player Replays
Match Explorer
How It Works
Community
CoH3 Stats
Reddit
Sign in to upload your games and track your stats! →
Sign in with Steam
Match 43263265
Unlisted
Match 43263265
Overview
Messages
Build Orders
End
Panzergrenadier Squad
Selects Panzerjäger Kommand Battlegroup
Selects Panzerjäger Kommand Battlegroup
Selects Mine Fields
Forward Retreat Point
Construct Light Support Kompanie
Panzerjäger Squad
2.5-tonne Medical Truck
Selects GrB 39 Grenade Launcher Requisition
Assault Grenadier Squad
Assault Mechanized Group
Fire Support Elements
Panzerjäger Squad
Panzerjäger Squad
Construct Panzerarmee Kommand
Assault Mechanized Group
Selects Crew Shock Tactics
Walking Stuka Rocket Launcher
Armored Reserves
Selects Anti-tank Overwatch
Anti-tank Overwatch
StuG Assault Group
Selects Defensive Positions
Anti-tank Overwatch
Panzerjäger Squad
Panzerjäger Squad
Selects Butterfly Bomb Drop
Butterfly Bomb Drop
Anti-tank Overwatch
The Chemist
Moltke1871
Yuanshii
GhostDragon
0
0
Comments
sign in to comment!
No comments posted yet!